 Dungeon Crawl Stone Soup version 0.23.2-40-g277498a001 (webtiles) character file.

Game seed: 10526794329315389690

92 DildoBatman the Magician (level 4, -10/30 HPs)
             Began as a Formicid Wizard on Oct 17, 2019.
             Blown up by Ijyb (14 damage)
             ... with a wand of disintegration (6)
             ... on level 3 of the Dungeon.
             The game lasted 00:09:06 (3499 turns).

DildoBatman the Magician (Formicid Wizard)          Turns: 3499, Time: 00:09:06

Health: -10/30     AC:  2    Str: 11    XL:     4   Next: 90%
Magic:  7/8        EV: 12    Int: 19    God:
Gold:   112        SH:  4    Dex:  9    Spells: 8/9 levels left

rFire    . . .     SeeInvis +   a - +0 hunting sling
rCold    . . .     Gourm    .   h - +0 buckler
rNeg     . . .     Faith    .   s - +0 robe
rPois    .         Spirit   .   (helmet unavailable)
rElec    .         Reflect  .   (no cloak)
rCorr    .         Harm     .   (no gloves)
MR       .....                  (no boots)
Stlth    ++........             (no amulet)
HPRegen  0.10/turn              (no ring)
MPRegen  0.11/turn              (no ring)

@: no status effects
A: permanent stasis, dig shafts and tunnels, four strong arms, antennae 3
a: Dig, Shaft Self


You were on level 3 of the Dungeon.
You were not hungry.

You visited 1 branch of the dungeon, and saw 3 of its levels.

You collected 112 gold pieces.

Inventory:

Hand Weapons
 a - a +0 hunting sling (weapon)
 b - a +0 short sword
Missiles
 i - 161 stones (quivered)
 j - 22 arrows
 l - 45 bolts
 m - 24 sling bullets
 u - 8 tomahawks
Armour
 h - a +0 buckler (worn)
 s - a +0 robe (worn)
Wands
 o - a wand of flame (6)
 r - a wand of acid (4)
Scrolls
 c - a scroll of magic mapping {unknown}
 d - 3 scrolls of fog {unknown}
 e - 3 scrolls of enchant weapon {unknown}
 f - 7 scrolls of identify {unknown}
 k - 3 scrolls of noise {unknown}
 n - 2 scrolls of remove curse {unknown}
Potions
 p - a potion of lignification {unknown}
 q - 2 potions of mutation {unknown}
 t - a potion of ambrosia {unknown}
Comestibles
 g - 2 chunks of flesh
 v - 6 rations


   Skills:
 - Level 1.7 Dodging
 - Level 2.4 Stealth
 * Level 2.6 Shields
 - Level 3.2 Spellcasting
 - Level 3.1 Conjurations
   Level 1.0 Summonings
   Level 0.8 Translocations


You had 8 spell levels left.
You knew the following spells:

 Your Spells              Type           Power        Failure   Level  Hunger
c - Magic Dart            Conj           ###.         4%          1    None

Your spell library contained the following spells:

 Spells                   Type           Power        Failure   Level  Hunger
 Call Imp                 Summ           #.......     16%         2    ##.....
 Slow                     Hex            #.......     22%         2    ##.....
 Conjure Flame            Conj/Fire      #.......     24%         3    ###....
 Mephitic Cloud           Conj/Pois/Air  #.......     28%         3    ###....
 Blink                    Tloc           Unusable     N/A         2    N/A

Dungeon Overview and Level Annotations

Branches:
Dungeon (3/15)

Altars:
Dithmenos
Gozag

Shops:
D:2 *

Annotations:
D:1 exclusion: worm
D:2 exclusions: 2 sensed monsters (detected) and 2 more exclusions
D:3 Ijyb


Innate Abilities, Weirdness & Mutations

You cannot be hasted, slowed, berserked, paralysed or teleported.
You can dig through walls and to a lower floor.
Your four strong arms can wield two-handed weapons with a shield.
You have a pair of large antennae on your head. (SInv)


Message History

Aim: a hobgoblin (almost dead)
The magic dart hits the hobgoblin.
You kill the hobgoblin!
Casting: Magic Dart (safe; 4% risk of failure)
Confirm with . or Enter, or press ? or * to list all spells.
You can't see any susceptible monsters within range! (Use Z to cast anyway.) Some of the chunks of flesh in your inventory have rotted away.
i - 161 stones (gained 1)
You now have 112 gold pieces (gained 11).
Ijyb is too close now for your liking.
Ijyb shouts!
Ijyb zaps a wand.
You are blasted!
Unknown command.
Ijyb zaps a wand.
You are blasted!
Ouch! That really hurt!
Ijyb zaps a wand.
You are blasted!
You die...

#...# ######....# #...#
#..g.# #...# #....# #...#
#....# ###...# #....# #.....#
###.## ..#...# #.# ###...#
#.# #...# #@# #...# #.# #...#
#.# #...# #.# ###...########
#.# ##### #............###.#
#...# ................<#
###.#.#
..........######.######...#.#
........................#.#.#


You could see Ijyb.

Vanquished Creatures
  An adder (D:2)
  An ooze (D:1)
  3 dart slugs
  8 bats
  A giant cockroach (D:1)
  13 goblins
  8 hobgoblins
  13 jackals
  4 kobolds
  A quokka (D:2)
  3 ball pythons
  2 frilled lizards
  6 rats
64 creatures vanquished.

Notes
Turn   | Place    | Note
-------+----------+-------------------------------------------
     0 | D:1      | DildoBatman the Formicid Wizard began the quest for the
                  | Orb.
     0 | D:1      | Reached XP level 1. HP: 13/13 MP: 4/4
   102 | D:1      | Reached skill level 1 in Conjurations
   523 | D:1      | Reached XP level 2. HP: 19/19 MP: 4/6
   900 | D:1      | Reached XP level 3. HP: 23/24 MP: 2/7
  1956 | D:2      | Found an opulent altar of Gozag.
  1960 | D:2      | Found Gozag's Platinum Reserve.
  2014 | D:2      | Found a shadowy altar of Dithmenos.
  2032 | D:2      | Reached XP level 4. HP: 30/30 MP: 6/8
  2159 | D:2      | Reached skill level 1 in Shields
  2881 | D:3      | Noticed Ijyb
  3499 | D:3      | Blown up by Ijyb

Skill      XL: |  1  2  3  4 |
---------------+-------------+-----
Conjurations   | 1 2 3 |  3.1
Shields        | 2 |  2.6
Dodging        | |  1.7
Stealth        | |  2.4
Spellcasting   | |  3.2
Summonings     | |  1.0
Translocations | |  0.8

Action                   |  1- 3 |  4- 6 || total
-------------------------+-------+-------++-------
Melee: Short sword       |    33 |    24 ||    57
 Fire: Hunting sling     |       |     3 ||     3
 Cast: Magic Dart        |    76 |    63 ||   139
 Abil: Dig               |     7 |     3 ||    10
  Use: Potion            |       |     2 ||     2
  Eat: Chunk             |     4 |     4 ||     8
Armor: Robe              |    16 |     7 ||    23
Dodge: Dodged            |    32 |    26 ||    58
